 Dungeon Crawl Stone Soup version 0.29.1-1-gd02db6906a (webtiles) character file.

Game seed: 11204665564310301960

86 KamiKatze the Conjurer (level 4, -4/27 HPs)
             Began as an Octopode Conjurer on Sept 16, 2022.
             Slain by a gnoll
             ... wielding a +2 whip of venom
              (7 damage)
             ... on level 4 of the Dungeon.
             The game lasted 00:07:25 (2007 turns).

KamiKatze the Conjurer (Octopode Conjurer)          Turns: 2007, Time: 00:07:26

Health: -4/27      AC:  1    Str: 12    XL:     4   Next: 50%
Magic:  7/7        EV: 13    Int: 24    God:
Gold:   116        SH:  0    Dex: 10    Spells: 1/8 levels left

rFire   + . .      SeeInvis .   i - +2 hand axe of Valiance {vamp, rF+ Int+2}
rCold   . . .      Faith    .   (no shield)
rNeg    . . .      Spirit   .   (helmet restricted)
rPois   +          Reflect  .   (no amulet)
rElec   .          Harm     .   e - ring of poison resistance
rCorr   .          Rampage  .   j - +6 ring of strength
Will    .....                   (no ring)
Stlth   +++.......              (no ring)
HPRegen 0.09/turn               (no ring)
MPRegen 0.10/turn               (no ring)
                                (no ring)
                                (no ring)

@: lethally poisoned (-4 -> -16)
A: almost no armour, amphibious, 8 rings, camouflage 1, gelatinous body 1,
(nimble swimmer 1), tentacles
a: no special abilities


You were on level 4 of the Dungeon.
You visited 1 branch of the dungeon, and saw 4 of its levels.

You collected 116 gold pieces.

Inventory:

Hand Weapons
 h - a +2 short sword of holy wrath
 i - the +2 hand axe of Valiance (weapon) {vamp, rF+ Int+2}
   (You found it on level 2 of the Dungeon)

   It occasionally heals its wielder for a portion of the damage dealt when it
   wounds a living foe.
   Int:       It affects your intelligence (+2).
   rF:        It protects you from fire.
Missiles
 d - 40 stones
Jewellery
 e - a ring of poison resistance (left tentacle)
 j - a +6 ring of strength (right tentacle)
Scrolls
 g - a scroll of magic mapping {unknown}
 k - a scroll of brand weapon {unknown}
 m - a scroll of vulnerability {unknown}
Potions
 a - a potion of magic
 c - 7 potions of curing {unknown}
 f - 3 potions of flight {unknown}
 l - a potion of degeneration {unknown}


   Skills:
 + Level 2.5 Dodging
 + Level 3.6 Stealth
 + Level 2.5 Spellcasting
 + Level 4.3 Conjurations
 + Level 1.1 Hexes
 + Level 1.4 Translocations


You had one spell level left.
You knew the following spells:

 Your Spells              Type           Power      Damage    Failure   Level
a - Magic Dart            Conj           92%        1d7       1%          1
b - Searing Ray           Conj           46%        2d6       3%          2
c - Fulminant Prism       Conj/Hex       8%         3d7       36%         4

Your spell library contained the following spells:

 Spells                   Type           Power      Damage    Failure   Level
 Dazzling Flash           Conj/Hex       32%        N/A       11%         3
 Gell's Gravitas          Tloc           9%         N/A       19%         3
 Lesser Beckoning         Tloc           9%         N/A       19%         3
 Teleport Other           Tloc           9%         N/A       19%         3
 Iskenderun's Mystic Bla  Conj/Tloc      16%        2d5       34%         4


Dungeon Overview and Level Annotations

Branches:
Dungeon (4/15)
 Temple: D:4-7

Altars:

Annotations:
D:3 Natasha


Innate Abilities, Weirdness & Mutations

You cannot wear most types of armour.
You are amphibious.
You can wear up to eight rings at the same time.
Your skin changes colour to match your surroundings (Stealth+).
Your rubbery body absorbs attacks. (AC +1, EV +1)
((You are camouflaged when in or above water. (Stealth+)))
You have tentacles for arms and can constrict up to eight enemies at once.


Message History

There is an entrance to a sewer on this level.
Hurry and find it before the portal rusts away!
There is a stone staircase leading up here.
Really wriggle into that dispersal trap?
You enter a dispersal trap!
You blink.
A gnoll comes into view. It is wielding a +0 spear.
Found a stone staircase leading down.
The gnoll shouts!
You hear an angry hiss. x2
Natasha, Servant of Life and Death comes into view.
A gnoll comes into view. It is wielding a +0 spear.
A gnoll comes into view. It is wielding a +0 whip.
Natasha casts a spell at you. The magic dart hits you.
The gnoll barely misses you.
There is a stone staircase leading down here.
Natasha casts a spell at you. The magic dart hits you!
The gnoll barely misses you.
You climb downwards.
The gnoll shouts! x2
Found a chain mail.
Found a stone staircase leading down.
There is a stone staircase leading up here.
As you read the scroll labelled KOUKKA AHIFYZY, it crumbles to dust.
The scroll dissolves into smoke.
It was a scroll of fog.
The gnoll shouts!
The gnoll completely misses you.
Unknown command.
The gnoll attacks as you move away!
The gnoll hits you with a +2 whip of venom!
* * * LOW HITPOINT WARNING * * *
Casting: Magic Dart (safe; 1% risk of failure)
Confirm with . or Enter, or press ? or * to list all spells.
You don't know that spell.
Unknown command.
The air fills with toxic fumes!
As you read the scroll labelled TYPPAO DETISEO, it crumbles to dust.
It was a scroll of poison.
The gnoll hits you with a +2 whip of venom.
* * * LOW HITPOINT WARNING * * *
You are lethally poisoned!
The gnoll attacks as you move away!
The gnoll hits you with a +2 whip of venom!
You die...

§§§§ § §§# §#
§§##§§ §§§#§
#§§§ #§§ .
#§### .. #
#@#.##.#.
##.##g§§§§#..
#...§g§#§§§§§
....###§§§.§##§
## #.§§§# #
#....§§§#
#...###§§§. ...
#...... ..
#.gg..#.#


You could see 2 gnolls.

Vanquished Creatures
  Robin (D:2)
  2 adders (D:2)
  2 dart slugs (D:1)
  A worm (D:2)
  3 ball pythons
  6 bats
  2 endoplasms (D:2)
  A giant cockroach (D:2)
  8 hobgoblins
  3 jackals (D:2)
  4 kobolds (D:1)
  3 frilled lizards
  9 goblins
  4 rats
49 creatures vanquished.

Notes
Turn   | Place    | Note
-------+----------+-------------------------------------------
     0 | D:1      | KamiKatze the Octopode Conjurer began the quest for the
                  | Orb.
     0 | D:1      | Reached XP level 1. HP: 11/11 MP: 3/3
   224 | D:1      | Reached XP level 2. HP: 17/17 MP: 1/5
   234 | D:1      | Learned a level 2 spell: Searing Ray
   651 | D:1      | Reached XP level 3. HP: 21/21 MP: 0/6
   862 | D:2      | Reached skill level 1 in Translocations
  1045 | D:2      | Identified the +2 hand axe of Valiance {vamp, rF+ Int+2}
  1065 | D:2      | Noticed Robin
  1084 | D:2      | Killed Robin
  1085 | D:2      | Reached skill level 1 in Hexes
  1085 | D:2      | Reached XP level 4. HP: 19/27 MP: 0/7
  1470 | D:2      | Learned a level 4 spell: Fulminant Prism
  1994 | D:3      | Noticed Natasha
  2007 | D:4      | Slain by a gnoll

Illustrated notes

Levels and vault maps discovered:
D:1:      nicolae_arrival_washed_ashore, layout_basic
D:2:      layout_loops_corners, uniq_robin
D:3:      minmay_spotlight, layout_loops_cross, zin_statuary,
          cheibrodos_sewer_entry_drain, nicolae_eternal_life, uniq_natasha
D:4:      layout_cave_pools, mainiacjoe_overflow_chevrons,
          minmay_misc_feat_tiny, uniq_menkaure, uniq_duvessa

Skill      XL: |  1  2  3 |
---------------+----------+-----
Stealth        | 3 |  3.6
Translocations | 1 |  1.4
Hexes          | 1 |  1.1
Dodging        | |  2.5
Spellcasting   | |  2.5
Conjurations   | |  4.3

Action                   |  1- 3 |  4- 6 || total
-------------------------+-------+-------++-------
Melee: Short sword       |     3 |       ||     3
       Hand axe          |     3 |     1 ||     4
 Cast: Magic Dart        |    49 |    18 ||    67
       Searing Ray       |     3 |     3 ||     6
  Use: Scroll            |       |     2 ||     2
 Stab: Sleeping          |       |     1 ||     1
Armor: Skin              |     4 |       ||     4
Dodge: Dodged            |    13 |     4 ||    17
